 Dungeon Crawl Stone Soup version 0.30-a0-802-gb92711bcdf (webtiles) character file.

Game seed: 9524601469200991583

115 Twinkles the Sneak (level 4, -11/24 HPs)
             Began as a Spriggan Delver on Feb 25, 2023.
             Was a Follower of Vehumet.
             Killed by nerve-wracking pain
             ... invoked by an orc priest
              (13 damage)
             ... on level 3 of the Dungeon.
             The game lasted 00:12:27 (2214 turns).

Twinkles the Sneak (Spriggan Delver)                Turns: 2214, Time: 00:12:28

Health: -11/24     AC:  2    Str:  8    XL:     4   Next: 68%
Magic:  0/6        EV: 18    Int: 13    God:    Vehumet [*.....]
Gold:   85         SH:  0    Dex: 16    Spells: 3/5 levels left

rFire   . . .      SeeInvis +    a - +0 short sword
rCold   . . .      Faith    .    (no shield)
rNeg    . . .      Spirit   .    b - +0 robe
rPois   .          Reflect  .    (helmet restricted)
rElec   .          Harm     .    (no cloak)
rCorr   .          Rampage  .    (gloves unavailable)
Will    .....                    (boots unavailable)
Stlth   ++++                     (no amulet)
HPRegen 0.24/turn                (no ring)
MPRegen 0.10/turn                (no ring)

@: very slightly contaminated, very quick
A: very small, no large weapons, unfitting armour, see invisible, speed 3
a: Renounce Religion


You were on level 3 of the Dungeon.
You worshipped Vehumet.
Vehumet was aware of your devotion.
You visited 1 branch of the dungeon, and saw 5 of its levels.

You collected 85 gold pieces.

Inventory:

Hand Weapons
 a - a +0 short sword (weapon)
 g - a +0 sling
Armour
 b - a +0 robe (worn)
Wands
 d - a wand of digging (3)
Scrolls
 c - a scroll of butterflies {unknown}
 e - 2 scrolls of noise {unknown}
 f - 3 scrolls of teleportation {unknown}
 i - a scroll of enchant armour {unknown}
 n - a scroll of acquirement {unknown}
 E - a scroll of fear
 F - 2 scrolls of fog
 X - 2 scrolls of magic mapping
Potions
 h - a potion of resistance {unknown}
 j - 2 potions of mutation {unknown}
 k - a potion of attraction {unknown}
 l - a potion of cancellation {unknown}
 m - 2 potions of curing {unknown}
 o - a potion of heal wounds {unknown}
 H - 2 potions of haste


   Skills:
 + Level 3.1 Fighting
 - Level 3.0 Short Blades
 + Level 4.0 Dodging
 - Level 7.6 Stealth
 * Level 1.2 Spellcasting
 - Level 0.1 Conjurations
 - Level 0.8 Earth Magic


You had 3 spell levels left.
You knew the following spells:

 Your Spells              Type           Power      Damage    Failure   Level
b - Sandblast             Erth           6%         2d5       19%         1
f - Freeze                Ice            0%         1d3       28%         1

Your spell library contained the following spells:

 Spells                   Type           Power      Damage    Failure   Level
 Passwall                 Tmut/Erth      0%         N/A       34%         2
 Stone Arrow              Conj/Erth      4%         3d7       56%         3


Dungeon Overview and Level Annotations

Branches:
Dungeon (5/15) Zot: 25988
 Temple: D:4-7

Altars:
Dithmenos
Vehumet
Xom


Innate Abilities, Weirdness & Mutations

You are very small and have problems with some larger weapons.
You are too small for most types of armour.
You have supernaturally acute eyesight. (SInv)
You cover ground extremely quickly. (Speed+++)


Message History

The orc misses you.
The orc priest hits you but does no damage.
Casting: Freeze (safe; 28% risk of failure)
Confirm with . or Enter, or press ? or * to list all spells.
Aiming: Freeze (safe; 28% risk of failure)
Press: ? - help, Shift-Dir - straight line, f/p - orc priest
Aim: an orc priest, wielding a +0 mace (moderately wounded)
You freeze the orc priest.
The orc priest is heavily wounded.
The orc priest misses you. The orc hits you with a +0 flail.
Casting: Freeze (safe; 28% risk of failure)
Confirm with . or Enter, or press ? or * to list all spells.
Aiming: Freeze (safe; 28% risk of failure)
Press: ? - help, Shift-Dir - straight line, f/p - orc priest
Aim: an orc priest, wielding a +0 mace (heavily wounded)
You miscast Freeze.
You are very lightly contaminated with residual magic.
Nothing appears to happen.
The orc priest barely misses you. The orc closely misses you.
Aiming: Freeze (safe; 28% risk of failure)
Press: ? - help, Q - select action, (/) - cycle Shift-Dir - straight line, f/p - orc priest
Aim: an orc priest, wielding a +0 mace (heavily wounded)
You miscast Freeze.
Nothing appears to happen.
The orc priest hits you with a +0 mace. The orc barely misses you.
Aiming: Freeze (safe; 28% risk of failure)
Press: ? - help, Q - select action, (/) - cycle Shift-Dir - straight line, f/p - orc priest
Aim: an orc priest, wielding a +0 mace (heavily wounded)
You freeze the orc priest.
The orc priest is severely wounded.
The orc priest hits you with a +0 mace!
* * * LOW HITPOINT WARNING * * *
An orc comes into view. It is wielding a +0 hand axe.
The orc closely misses you.
Unknown command.
You closely miss the orc priest.
The orc priest is severely wounded.
The orc priest calls down the wrath of Beogh upon you.
Pain shoots through your body!
Ouch! That really hurt!
You die... #.##..# #...#.#.....o.....o #.##..# #........########.. oo.

#.##..###...###.o#
### ##<##....)...#
#..#
.............###.##
.....#.###.#.....#
####.#.# #.###.#.#
#.... ..# #.#o#
###.##### #)#@# #.#
#.#o# #.# #...# #.#
#####


You could see an orc priest and 2 orcs.

Vanquished Creatures
  A hound (D:5)
  2 adders (D:2)
  3 worms (D:2)
  4 dart slugs
  2 orcs (D:3)
  4 ball pythons
  5 bats
  4 endoplasms
  5 goblins
  2 hobgoblins (D:2)
  4 jackals (D:1)
  A quokka (D:3)
  5 frilled lizards
  3 kobolds
  6 rats
51 creatures vanquished.

Notes
Turn   | Place    | Note
-------+----------+-------------------------------------------
     0 | D:5      | Twinkles the Spriggan Delver began the quest for the Orb.
     0 | D:5      | Reached XP level 1. HP: 11/11 MP: 2/2
     5 | D:5      | Found a shadowy altar of Dithmenos.
    37 | D:5      | Noticed a hound
    39 | D:5      | Killed a hound
    40 | D:5      | Reached XP level 2. HP: 16/16 MP: 3/3
    40 | D:5      | Reached XP level 3. HP: 19/19 MP: 4/4
    46 | D:5      | Noticed a scorpion
   636 | D:2      | HP: 5/19 [worm (11)]
  1178 | D:1      | Reached XP level 4. HP: 23/23 MP: 5/5
  1439 | D:1      | Found a faded altar of an unknown god.
  1453 | D:1      | Prayed at the altar of an unknown god.
  1453 | D:1      | Became a worshipper of Vehumet
  1453 | D:1      | Reached * piety under Vehumet
  1453 | D:1      | Offered knowledge of Freeze by Vehumet.
  1907 | D:2      | Learned a level 1 spell: Freeze
  1909 | D:2      | Learned a level 1 spell: Sandblast
  1960 | D:2      | Reached skill level 1 in Spellcasting
  2213 | D:3      | HP: 2/24 [orc priest/+0 mace (9)]
  2214 | D:3      | Killed from afar by an orc priest

Illustrated notes

Levels and vault maps discovered:
D:1:      dpeg_arrival_water_temple_mockup, layout_loops_ring,
          basic_ecumenical_altar, minmay_misc_feat_alley
D:2:      layout_basic
D:3:      layout_loops_ring, minmay_cupped
D:4:      layout_loops_ring, kennysheep_slug_shrine, old_standard_altar,
          mainiacjoe_overflow_surrounded_room, enter_ossuary_2,
          minmay_a_box_with_orc_wizards_in_it, uniq_crazy_yiuf_cottage
D:5:      layout_cave_pools, mainiacjoe_overflow_catch_the_wave,
          serial_gnoll_camp, gnoll_camp_medium_02, gnoll_camp_mini_shop,
          gnoll_camp_mini_doghouse, gnoll_camp_mini_loothouse

Skill      XL: |  1  2  3  4 |
---------------+-------------+-----
Dodging        | 3 4 |  4.0
Short Blades   | 3 |  3.0
Fighting       | 3 |  3.1
Spellcasting   | 1 |  1.2
Stealth        | |  7.6
Conjurations   | |  0.1
Earth Magic    | |  0.8

Action                     |  1- 3 |  4- 6 || total
---------------------------+-------+-------++-------
  Melee: Short sword       |    95 |    73 ||   168
   Cast: Freeze            |       |     4 ||     4
         Sandblast         |       |     2 ||     2
   Stab: Sleeping          |     9 |     9 ||    18
         Distracted        |       |     1 ||     1
 Armour: Robe              |     4 |     5 ||     9
  Dodge: Dodged            |    58 |    41 ||    99

Table legend: (Time is in decaauts)
 A = Elapsed time spent in this place.
 B = Non-inter-level travel time spent in this place.
 C = Inter-level travel time spent in this place.
 D = Time resting spent in this place.
 E = Time spent auto-exploring this place.
 F = Levels seen in this place.
 G = Mean time per level.
                   A        B        C        D        E       F      G
               +--------+--------+--------+--------+--------+-----+--------+
         Total |   1475 |   1429 |     46 |     35 |    915 |   5 |  295.0 |
       Dungeon |   1475 |   1429 |     46 |     35 |    915 |   5 |  295.0 |
               +--------+--------+--------+--------+--------+-----+--------+

Top non-repeatable levels by time:
     D:2: 752 daAuts
     D:1: 534 daAuts
     D:3: 121 daAuts
     D:5: 56 daAuts
     D:4: 9 daAuts
